 Dungeon Crawl Stone Soup version 0.24.0-13-gcf9b3192b9 (webtiles) character file.

Game seed: 17844339063056918195, levelgen mode: deterministic

21 Lanoc the Poker (level 2, 0/17 HPs)
             Began as a Tengu Warper on Nov 9, 2019.
             Succumbed to an adder's poison
             ... on level 2 of the Dungeon.
             The game lasted 00:01:55 (786 turns).

Lanoc the Poker (Tengu Warper)                       Turns: 786, Time: 00:01:56

Health: 0/17       AC:  4    Str: 11    XL:     2   Next: 87%
Magic:  6/6        EV: 14    Int: 13    God:
Gold:   66         SH:  0    Dex: 13    Spells: 5/5 levels left

rFire    . . .     SeeInvis .   a - +0 spear
rCold    . . .     Gourm    .   (no shield)
rNeg     . . .     Faith    .   b - +0 leather armour
rPois    .         Spirit   .   (helmet restricted)
rElec    .         Reflect  .   (no cloak)
rCorr    .         Harm     .   i - +0 pair of gloves
MR       .....                  (boots unavailable)
Stlth    +.........             (no amulet)
HPRegen  0.05/turn              (no ring)
MPRegen  0.10/turn              (no ring)

@: lethally poisoned (0 -> -11), flying quickly and evasively, quick
A: beak, talons 3
a: no special abilities


You were on level 2 of the Dungeon.
You were not hungry.

You visited 1 branch of the dungeon, and saw 2 of its levels.

You collected 66 gold pieces.

Inventory:

Hand Weapons
 a - a +0 spear (weapon)
Missiles
 c - 6 boomerangs
 e - 5 boomerangs of dispersal (quivered)
Armour
 b - a +0 leather armour (worn)
 i - a +0 pair of gloves (worn)
Scrolls
 d - 2 scrolls of blinking
 h - 3 scrolls of remove curse {unknown}
 j - 2 scrolls of identify {unknown}
 l - a scroll of enchant weapon {unknown}
Potions
 g - a potion of invisibility {unknown}
 k - a potion of flight
 m - a potion of brilliance {unknown}
Comestibles
 f - 4 rations


   Skills:
 + Level 2.3 Fighting
 * Level 3.0 Polearms
 - Level 1.0 Throwing
 - Level 1.2 Armour
 + Level 2.6 Dodging
 - Level 2.0 Spellcasting
   Level 2.4 Translocations


You had 5 spell levels left.
You didn't know any spells.
Your spell library contained the following spells:

 Spells                   Type           Power        Failure   Level  Hunger
 Blink                    Tloc           N/A          19%         2    ###....
 Shroud of Golubria       Chrm/Tloc      #.....       30%         2    ###....
 Gell's Gravitas          Tloc           #.........   36%         3    ####...
 Lesser Beckoning         Tloc           #.........   36%         3    ####...
 Teleport Other           Tloc           #.......     36%         3    ####...
 Passage of Golubria      Tloc           N/A          77%         4    #####..


Dungeon Overview and Level Annotations

Branches:
Dungeon (2/15)

Altars:


Innate Abilities, Weirdness & Mutations

You have a beak for a mouth.
You have claws for feet.


Message History

The adder bites you.
You are poisoned.
The adder poisons you!
You feel sick.
You feel sick.
The kobold shouts!
The adder closely misses you.
You feel sick. The adder bites you.
* * * LOW HITPOINT WARNING * * *
The adder bites you.
* * * LOW HITPOINT WARNING * * *
You are more poisoned.
The adder poisons you!
* * * LOW HITPOINT WARNING * * *
You feel sick.
It was a potion of flight.
You feel very buoyant.
You swoop lightly up into the air.
You die...

#.......r..#
..#..###.###
##.....r###
........w.#
##.##.....# #
#..s#.#
......#..#
#.##...#.#######
.K.K....#.S@....#
........#.#####.#
###.#..#.#
##.########
#.#..#.#
#.......... .
#..#.#
#..######## .
.....# #..# #####
# #..### #..#
..... #. #..#
#..#
#######.###..#
#..#######


You could see an adder and a giant cockroach.

Vanquished Creatures
  A ball python (D:1)
  5 goblins
  A hobgoblin (D:2)
  5 kobolds
  A quokka (D:2)
  4 bats
  A frilled lizard (D:2)
  2 rats (D:1)
20 creatures vanquished.

Notes
Turn   | Place    | Note
-------+----------+-------------------------------------------
     0 | D:1      | Lanoc the Tengu Warper began the quest for the Orb.
     0 | D:1      | Reached XP level 1. HP: 12/12 MP: 4/4
     2 | D:1      | Noticed a tengu
     4 | D:1      | Noticed an octopode
     4 | D:1      | Noticed a minotaur
     6 | D:1      | Noticed a human
     6 | D:1      | Noticed a merfolk
     8 | D:1      | Noticed an ogre
     8 | D:1      | Noticed a troll
    10 | D:1      | Noticed a ghoul
    10 | D:1      | Noticed a centaur
    12 | D:1      | Noticed an elf
    12 | D:1      | Noticed a draconian
    14 | D:1      | Noticed a dwarf
    16 | D:1      | Noticed a felid
    18 | D:1      | Noticed a formicid
    18 | D:1      | Noticed a demigod
    20 | D:1      | Noticed a vine stalker
    20 | D:1      | Noticed a vampire
    22 | D:1      | Noticed a gargoyle
    22 | D:1      | Noticed a spriggan
    24 | D:1      | Noticed a halfling
    24 | D:1      | Noticed a naga
    26 | D:1      | Noticed a demonspawn
   162 | D:1      | Reached XP level 2. HP: 17/17 MP: 6/6
   731 | D:2      | Reached skill level 3 in Polearms
   786 | D:2      | Succumbed to an adder's poison

Levels and vault maps discovered:
D:1:      kb_arrival_jail, layout_loops_ring, roderic_roman_lattice,
          minmay_pentomino_x2
D:2:      layout_loops_ring, gammafunk_temple_overflow_elements,
          minmay_split_cup_large

Skill      XL: |  1  2 |
---------------+-------+-----
Polearms       | 3 |  3.0
Fighting       | |  2.3
Throwing       | |  1.0
Armour         | |  1.2
Dodging        | |  2.6
Spellcasting   | |  2.0
Translocations | |  2.4

Action                   || total
-------------------------++-------
Melee: Spear             ||    68
       Kick              ||    10
       Peck              ||     7
  Use: Potion            ||     1
 Stab: Sleeping          ||     1
Armor: Leather armour    ||    11
Dodge: Dodged            ||    37
